 Dungeon Crawl Stone Soup version 0.30-a0-458-g86641cc369 (webtiles) character file.

Game seed: 978473702356933168

194 PyroL the Grasshopper (level 5, -3/45 HPs)
             Began as a Draconian Warper on Dec 14, 2022.
             Killed by divine providence
             ... invoked by an orc priest
              (11 damage)
             ... on level 3 of the Dungeon.
             The game lasted 00:04:40 (2429 turns).

PyroL the Grasshopper (Draconian Warper)            Turns: 2429, Time: 00:04:40

Health: -3/45      AC:  6    Str: 22    XL:     5   Next: 44%
Magic:  9/9        EV: 11    Int: 13    God:
Gold:   94         SH:  0    Dex:  6    Spells: 8/10 levels left

rFire   + + +      SeeInvis .    m - +0 spear "Beastslayer" {vorpal, rPois rF+++ rCorr Dex-4}
rCold   . . .      Faith    .    (no shield)
rNeg    . . .      Spirit   .    (body armour unavailable)
rPois   +          Reflect  .    (helmet restricted)
rElec   .          Harm     .    f - +0 cloak
rCorr   +          Rampage  .    (no gloves)
Will    .....                    (no boots)
Stlth   +.........               (no amulet)
HPRegen 0.27/turn                j - +6 ring of strength
MPRegen 0.11/turn                (no ring)

@: no status effects
A: AC +5, unfitting armour, cold-blooded
a: no special abilities


You were on level 3 of the Dungeon.
You visited 1 branch of the dungeon, and saw 3 of its levels.

You collected 94 gold pieces.

Inventory:

Hand Weapons
 m - the +0 spear "Beastslayer" (weapon) {vorpal, rPois rF+++ rCorr Dex-4}
   (You found it on level 2 of the Dungeon)

   It inflicts extra damage upon your enemies.
   Dex:       It affects your dexterity (-4).
   rF:        It renders you almost immune to fire.
   rPois:     It protects you from poison.
   rCorr:     It protects you from acid and corrosion.
Missiles
 b - 7 boomerangs of dispersal (quivered)
 l - 5 boomerangs
Armour
 f - a +0 cloak (worn)
Jewellery
 j - a +6 ring of strength (left hand)
Wands
 o - a wand of iceblast (4)
Scrolls
 a - a scroll of blinking
 c - a scroll of amnesia {unknown}
 d - a scroll of enchant weapon {unknown}
 e - 2 scrolls of teleportation
 i - a scroll of enchant armour {unknown}
 k - a scroll of magic mapping {unknown}
Potions
 g - a potion of cancellation {unknown}
 h - 2 potions of flight
 n - a potion of brilliance {unknown}


   Skills:
 + Level 3.6 Fighting
 - Level 0.8 Throwing
 - Level 2.1 Dodging
 - Level 2.0 Unarmed Combat
 + Level 3.1 Spellcasting
 * Level 4.9 Translocations


You had 8 spell levels left.
You knew the following spells:

 Your Spells              Type           Power      Damage    Failure   Level
a - Blink                 Tloc           28%        N/A       4%          2

Your spell library contained the following spells:

 Spells                   Type           Power      Damage    Failure   Level
 Lesser Beckoning         Tloc           28%        N/A       9%          3
 Teleport Other           Tloc           14%        N/A       9%          3
 Foxfire                  Conj/Fire      8%         2x1d4     22%         1
 Vhi's Electric Charge    Tloc/Air       16%        N/A       26%         3
 Manifold Assault         Tloc           14%        N/A       30%         4
 Mephitic Cloud           Conj/Pois/Air  2%         N/A       56%         3
 Ozocubu's Armour         Ice            2%         N/A       56%         3
 Lightning Bolt           Conj/Air       1%         1d12      99%         5
 Metabolic Englaciation   Hex/Ice        1%         N/A       99%         5
 Simulacrum               Ice/Necr       1%         N/A       100%        6


Dungeon Overview and Level Annotations

Branches:
Dungeon (3/15)

Altars:


Innate Abilities, Weirdness & Mutations

Your plain brown scales are hard. (AC +5)
You cannot fit into any form of body armour.
You are cold-blooded and may be slowed by cold attacks.


Message History

You are confused.
You miss the orc wizard.
The orc wizard is almost dead.
The orc wizard casts a spell at you. The magic dart hits you!
* * * LOW HITPOINT WARNING * * *
You bump into the rock wall.
The orc wizard points at you and mumbles some strange words.
You are more confused.
Unknown command.
You hit the orc wizard.
You kill the orc wizard!
Unknown command.
You closely miss the orc. The orc hits you with a +0 hand axe.
* * * LOW HITPOINT WARNING * * *
You bump into the rock wall.
The orc hits you but does no damage.
You're too confused to move!
The orc hits you with a +0 hand axe.
* * * LOW HITPOINT WARNING * * *
You bump into the rock wall.
The orc barely misses you.
You barely miss the orc.
Your tail-slap misses the orc.
You feel less confused. The orc closely misses you.
The orc attacks as you move away! The orc hits you with a +0 hand axe.
* * * LOW HITPOINT WARNING * * *
An orc wizard comes into view. It is wielding a +0 dagger.
The orc attacks as you move away! The orc hits you with a +0 hand axe.
* * * LOW HITPOINT WARNING * * *
The orc attacks as you move away! The orc hits you with a +0 hand axe.
* * * LOW HITPOINT WARNING * * *
The orc wizard casts a spell.
The orc wizard flickers and vanishes!
Deactivating autopickup; reactivate with Ctrl-A.
The orc attacks as you move away! The orc hits you with a +0 hand axe.
* * * LOW HITPOINT WARNING * * *
The orc attacks as you move away! The orc barely misses you.
Something hits you but does no damage. Something hits you but does no damage.
The orc priest mumbles some strange prayers to Beogh against you.
Beogh smites you!
You die...

..........................#
##..............#.#.#.###.# #.
...........##.....#.#......
#.###....#....##...#.#.#..##.. #
#........#...###...#.#.#..##..
####.###....#...###..(....#......
....................<.#.#.#......
.....................##...##.##.#
####............@................
...........o.oo......##...##)####
####.###...##..#####.##...##.#
..##.# #...##..# #.##...####
#.##.# #...##..# #.##...# ..##o#
#...##..# #..<...# #.##.#
#.......# ####...#
#.##.###...##..# #...#
o.........^##..#


You could see an orc priest and 2 orcs.

Vanquished Creatures
  Jessica (D:2)
  Terence (D:2)
  An orc wizard (D:3)
  4 gnolls
  2 adders (D:2)
  2 dart slugs
  3 orcs (D:3)
  4 endoplasms
  5 giant cockroaches
  4 goblins
  9 hobgoblins
  3 quokkas
  4 ball pythons
  4 bats
  2 frilled lizards
  2 kobolds
  4 rats
55 creatures vanquished.

Notes
Turn   | Place    | Note
-------+----------+-------------------------------------------
     0 | D:1      | PyroL the Draconian Warper began the quest for the Orb.
     0 | D:1      | Reached XP level 1. HP: 17/17 MP: 3/3
   211 | D:1      | Reached XP level 2. HP: 25/25 MP: 5/5
   241 | D:1      | Learned a level 2 spell: Blink
   866 | D:1      | Reached XP level 3. HP: 16/30 MP: 6/6
  1043 | D:2      | Reached skill level 4 in Translocations
  1107 | D:2      | Reached XP level 4. HP: 38/38 MP: 7/7
  1302 | D:2      | Noticed Jessica
  1320 | D:2      | Killed Jessica
  1464 | D:2      | Identified the +0 spear "Beastslayer" {vorpal, rPois rF+++
                  | rCorr Dex-4}
  1497 | D:2      | Got Odamp's Papyrus of Striking
  1557 | D:2      | Noticed Terence
  1597 | D:2      | Killed Terence
  1598 | D:2      | Reached XP level 5. HP: 6/45 MP: 4/9
  2429 | D:3      | Killed from afar by an orc priest

Illustrated notes

Levels and vault maps discovered:
D:1:      dpeg_arrival_round_c, layout_loops_ring, minmay_misc_feat_diagonals,
          minmay_tromino_v4_c
D:2:      layout_basic, uniq_terence, uniq_jessica
D:3:      layout_basic, uniq_grinder

Skill      XL: |  1  2  3  4  5 |
---------------+----------------+-----
Translocations | 4 |  4.9
Fighting       | 3 |  3.6
Spellcasting   | 3 |  3.1
Throwing       | |  0.8
Dodging        | |  2.1
Unarmed Combat | |  2.0

Action                   |  1- 3 |  4- 6 || total
-------------------------+-------+-------++-------
Melee: Short sword       |    73 |    31 ||   104
       Unarmed           |     8 |       ||     8
       Punch             |     3 |     3 ||     6
       Tailslap          |     4 |    10 ||    14
       Spear             |       |    90 ||    90
 Cast: Blink             |       |     3 ||     3
  Use: Scroll            |     2 |     2 ||     4
 Stab: Sleeping          |     1 |       ||     1
Armor: Skin              |    15 |    38 ||    53
Dodge: Dodged            |    61 |    48 ||   109

Table legend: (Time is in decaauts)
 A = Elapsed time spent in this place.
 B = Non-inter-level travel time spent in this place.
 C = Inter-level travel time spent in this place.
 D = Time resting spent in this place.
 E = Time spent auto-exploring this place.
 F = Levels seen in this place.
 G = Mean time per level.
                   A        B        C        D        E       F      G
               +--------+--------+--------+--------+--------+-----+--------+
         Total |   2438 |   2385 |     53 |    463 |   1337 |   3 |  812.7 |
       Dungeon |   2438 |   2385 |     53 |    463 |   1337 |   3 |  812.7 |
               +--------+--------+--------+--------+--------+-----+--------+

Top non-repeatable levels by time:
     D:2: 1150 daAuts
     D:1: 895 daAuts
     D:3: 392 daAuts
